 Dungeon Crawl Stone Soup version 0.29-a0-297-g7659ce593d (webtiles) character file.

Game seed: 9781441878900642905

109 kae the Firebug (level 4, -1/26 HPs)
             Began as a Tengu Fire Elementalist on Mar 20, 2022.
             Slain by a hobgoblin
             ... wielding a +0 rapier
              (7 damage)
             ... on level 3 of the Dungeon.
             The game lasted 00:01:12 (2952 turns).

kae the Firebug (Tengu Fire Elementalist)           Turns: 2952, Time: 00:01:13

Health: -1/26      AC:  2    Str:  8    XL:     4   Next: 90%
Magic:  0/9        EV: 12    Int: 18    God:
Gold:   83         SH:  0    Dex: 14    Spells: 2/8 levels left

rFire   . . .      SeeInvis .   (no weapon)
rCold   . . .      Faith    .   (no shield)
rNeg    . . .      Spirit   .   a - +0 robe
rPois   .          Reflect  .   (helmet restricted)
rElec   .          Harm     .   (no cloak)
rCorr   .          Rampage  .   (no gloves)
Will    .....                   (boots unavailable)
Stlth   ++........              (no amulet)
HPRegen 0.08/turn               (no ring)
MPRegen 0.11/turn               (no ring)

@: very slightly contaminated
A: beak, talons 3
a: no special abilities


You were on level 3 of the Dungeon.
You visited 1 branch of the dungeon, and saw 3 of its levels.

You collected 83 gold pieces.

Inventory:

Armour
 a - a +0 robe (worn)
Jewellery
 k - a ring of wizardry
 l - a ring of magical power
 o - an amulet of reflection
Scrolls
 c - a scroll of torment {unknown}
 d - 2 scrolls of teleportation
 g - a scroll of summoning {unknown}
 h - a scroll of amnesia
 n - a scroll of identify
Potions
 b - a potion of magic
 e - 2 potions of brilliance
 f - a potion of flight
 i - a potion of invisibility
 j - 2 potions of haste {unknown}
 m - a potion of curing {unknown}


   Skills:
 + Level 1.6 Fighting
 - Level 2.1 Dodging
 - Level 2.0 Stealth
 + Level 2.6 Spellcasting
 + Level 2.8 Conjurations
 * Level 4.5 Fire Magic


You had 2 spell levels left.
You knew the following spells:

 Your Spells              Type           Power      Damage    Failure   Level
a - Foxfire               Conj/Fire      60%        2x1d7     3%          1
b - Scorch                Fire           36%        2d6       4%          2
c - Conjure Flame         Conj/Fire      15%        6-21      11%         3

Your spell library contained the following spells:

 Spells                   Type           Power      Damage    Failure   Level
 Summon Small Mammal      Summ           8%         N/A       17%         1
 Blink                    Tloc           4%         N/A       26%         2
 Inner Flame              Hex/Fire       10%        N/A       21%         3
 Flame Wave               Conj/Fire      15%        2d6       36%         4
 Call Canine Familiar     Summ           2%         N/A       45%         3
 Summon Guardian Golem    Hex/Summ       2%         N/A       45%         3
 Manifold Assault         Tloc           2%         N/A       99%         5
 Storm Form               Tmut/Air       1%         N/A       100%        7


Dungeon Overview and Level Annotations

Branches:
Dungeon (3/15)

Altars:
Beogh


Innate Abilities, Weirdness & Mutations

You have a beak for a mouth.
You have claws for feet.


Message History

Confirm with . or Enter, or press ? or * to list all spells.
Flames lash the adder.
The adder is heavily wounded.
The adder's fire resistance burns away.
You hear a shout!
The adder barely misses you.
Casting: Scorch (safe; 4% risk of failure)
Confirm with . or Enter, or press ? or * to list all spells.
Flames lash the adder.
The adder is burned terribly!
You kill the adder!
A hobgoblin comes into view. It is wielding a +0 rapier.
A hobgoblin is nearby!
A hobgoblin is nearby!
A hobgoblin is nearby!
Casting: Scorch (safe; 4% risk of failure)
Confirm with . or Enter, or press ? or * to list all spells.
Flames lash the hobgoblin.
The hobgoblin is heavily wounded.
The hobgoblin's fire resistance burns away.
The hobgoblin hits you with a +0 rapier!
The hobgoblin hits you with a +0 rapier.
A hobgoblin is nearby!
A hobgoblin is nearby!
You are too injured to fight recklessly!
Casting: Scorch (safe; 4% risk of failure)
Confirm with . or Enter, or press ? or * to list all spells.
You miscast Scorch.
You are very lightly contaminated with residual magic.
Nothing appears to happen.
The hobgoblin hits you with a +0 rapier.
The hobgoblin is no longer more vulnerable to fire.
The hobgoblin attacks as you move away! The hobgoblin closely misses you.
The hobgoblin attacks as you move away!
The hobgoblin hits you with a +0 rapier.
* * * LOW HITPOINT WARNING * * *
Casting: Scorch (safe; 4% risk of failure)
Confirm with . or Enter, or press ? or * to list all spells.
You conjure some foxfire!
The hobgoblin barely misses you.
The hobgoblin hits you with a +0 rapier!
You die...

#.... .# ####. .# ### ### #.
#.# #.. ..# #. #.# #.# #.# #.
#.# #.# #.# #. ##.##
#)###.###.
#########v..####.##......
#####......g@v#..............
............#...####.##..###.
.####.#####.##...)...##......
# #.##.####..##.####.
≈≈≈≈≈≈≈≈# #..##.# ##
#≈≈≈≈≈#≈# #..##.# # #≈###≈#≈#
#..##.##### #≈ ≈≈#≈#
#.......... ≈ ≈≈≈≈≈#
##.##......


You could see a hobgoblin (ally target).

Vanquished Creatures
  Natasha (D:2)
  3 adders (D:3)
  A dart slug (D:1)
  An orc (D:3)
  8 ball pythons
  5 bats
  4 endoplasms
  2 giant cockroaches
  4 goblins
  3 hobgoblins
  3 jackals (D:1)
  3 quokkas
  A frilled lizard (D:1)
  6 kobolds
  8 rats
53 creatures vanquished.

Vanquished Creatures (others)
  147 foxfires
147 creatures vanquished.

Grand Total: 200 creatures vanquished

Notes
Turn   | Place    | Note
-------+----------+-------------------------------------------
     0 | D:1      | kae the Tengu Fire Elementalist began the quest for the
                  | Orb.
     0 | D:1      | Reached XP level 1. HP: 10/10 MP: 4/4
   253 | D:1      | Reached XP level 2. HP: 16/16 MP: 0/6
  1006 | D:1      | Reached XP level 3. HP: 20/20 MP: 5/7
  1012 | D:1      | Reached skill level 1 in Fighting
  1165 | D:1      | Learned a level 2 spell: Scorch
  1169 | D:1      | Learned a level 3 spell: Conjure Flame
  1236 | D:1      | Found a faded altar of an unknown god.
  1480 | D:2      | Reached skill level 4 in Fire Magic
  1749 | D:2      | Noticed Natasha
  1755 | D:2      | Killed Natasha
  1756 | D:2      | Reached XP level 4. HP: 16/25 MP: 4/8
  2952 | D:3      | Slain by a hobgoblin

Illustrated notes

Levels and vault maps discovered:
D:1:      grunt_arrival_crossed_arrows, layout_basic,
          hellmonk_ecumenical_altar_defaced_shrine, minivault_27
D:2:      layout_basic, uniq_natasha
D:3:      layout_loops_ring, minmay_crystal_water

Skill      XL: |  1  2  3 |
---------------+----------+-----
Conjurations   | 2 |  2.8
Fighting       | 1 |  1.6
Fire Magic     | 4 |  4.5
Dodging        | |  2.1
Stealth        | |  2.0
Spellcasting   | |  2.6

Action                   |  1- 3 |  4- 6 || total
-------------------------+-------+-------++-------
Melee: Unarmed           |    10 |     7 ||    17
       Kick              |     4 |     3 ||     7
       Peck              |     4 |     1 ||     5
 Cast: Foxfire           |    79 |    14 ||    93
       Scorch            |       |    14 ||    14
  Use: Scroll            |     2 |     4 ||     6
Armor: Robe              |     4 |     7 ||    11
Dodge: Dodged            |    16 |    16 ||    32

Table legend: (Time is in decaauts)
 A = Elapsed time spent in this place.
 B = Non-inter-level travel time spent in this place.
 C = Inter-level travel time spent in this place.
 D = Time resting spent in this place.
 E = Time spent auto-exploring this place.
 F = Levels seen in this place.
 G = Mean time per level.
                   A        B        C        D        E       F      G
               +--------+--------+--------+--------+--------+-----+--------+
         Total |   2952 |   2893 |     59 |     88 |   2437 |   3 |  984.0 |
       Dungeon |   2952 |   2893 |     59 |     88 |   2437 |   3 |  984.0 |
               +--------+--------+--------+--------+--------+-----+--------+

Top non-repeatable levels by time:
     D:1: 1313 daAuts
     D:2: 930 daAuts
     D:3: 708 daAuts
